 Dungeon Crawl Stone Soup version 0.27.1-34-g3ba077fa99 (webtiles) character file.

Game seed: 9370939534478764971

753 liu the Chopper (level 7, -1/53 HPs)
             Began as a Demonspawn Gladiator on Jan 23, 2022.
             Was an Initiate of Okawaru.
             Slain by an orc (2 damage)
             ... on level 4 of the Dungeon.
             The game lasted 00:09:19 (4508 turns).

liu the Chopper (Demonspawn Gladiator)              Turns: 4508, Time: 00:09:20

Health: -1/53      AC:  5    Str: 15    XL:     7   Next: 49%
Magic:  7/7        EV: 13    Int:  9    God:    Okawaru [......]
Gold:   162        SH:  0    Dex: 16    Spells: 6/6 levels left

rFire    . . .     SeeInvis .   a - +0 war axe
rCold    . . .     Faith    .   (no shield)
rNeg     . . .     Spirit   .   b - +0 leather armour
rPois    .         Reflect  .   c - +0 helmet
rElec    .         Harm     .   (no cloak)
rCorr    .         Rampage  .   e - +0 pair of gloves
Will     .....                  (no boots)
Stlth    ++........             (no amulet)
HPRegen  0.17/turn              (no ring)
MPRegen  0.10/turn              (no ring)

@: no status effects
A: hooves 1, powered by death 1
a: Renounce Religion


You were on level 4 of the Dungeon.
You worshipped Okawaru.
Okawaru was noncommittal.
You visited 2 branches of the dungeon, and saw 5 of its levels.
You also visited: Sewer.

You collected 162 gold pieces.

Inventory:

Hand Weapons
 a - a +0 war axe (weapon)
Missiles
 d - 3 throwing nets (quivered)
Armour
 b - a +0 leather armour (worn)
 c - a +0 helmet (worn)
 e - a +0 pair of gloves (worn)
Scrolls
 i - 6 scrolls of identify {unknown}
 j - a scroll of fog {unknown}
 l - 2 scrolls of teleportation {unknown}
 m - a scroll of blinking {unknown}
 p - 3 scrolls of magic mapping {unknown}
 r - a scroll of noise {unknown}
 s - a scroll of amnesia {unknown}
 t - a scroll of holy word {unknown}
Potions
 f - 3 potions of magic
 g - a potion of brilliance
 h - a potion of ambrosia {unknown}
 k - a potion of heal wounds
 n - 2 potions of mutation {unknown}
 o - 2 potions of cancellation {unknown}
 q - 2 potions of haste {unknown}


   Skills:
 + Level 3.8 Fighting
 + Level 5.9 Axes
 + Level 2.0 Throwing
 + Level 2.2 Armour
 + Level 4.2 Dodging
 + Level 1.1 Stealth


You had 6 spell levels left.
You didn't know any spells.
Your spell library contained the following spells:

 Spells                   Type           Power      Damage    Failure   Level
 Dazzling Flash           Conj/Hex       0%         N/A       83%         3
 Agony                    Necr           0%         N/A       100%        5
 Silence                  Hex/Air        0%         N/A       100%        5


Dungeon Overview and Level Annotations

Branches:
Dungeon (4/15)             Temple (1/1) D:4           Sewer (visited)

Altars:
Cheibriados
Dithmenos
Elyvilon
Fedhas
Gozag
Kikubaaqudgha
Okawaru
Qazlal
Ru
Trog
Uskayaw
Wu Jian
Xom
Zin


Innate Abilities, Weirdness & Mutations

You have large cloven feet.
You regenerate a little health from kills.


Message History

The adder bites you.
* * * LOW HITPOINT WARNING * * *
The ufetubus closely misses you. The ufetubus barely misses you.
The orc wizard casts a spell.
The orc wizard flickers and vanishes!
The ufetubus hits you but does no damage. x2
The adder barely misses you.
The ufetubus barely misses you. x2; The adder bites you.
* * * LOW HITPOINT WARNING * * *
The ufetubus hits you but does no damage.
The ufetubus misses you.
The orc priest miscasts a cantrip.
The ufetubus closely misses you. The ufetubus misses you. The adder misses you.
The ufetubus misses you. The ufetubus closely misses you. The adder misses you.
The ufetubus barely misses you.
The ufetubus hits you but does no damage.
The ufetubus barely misses you. The ufetubus misses you.
You see here 10 stones.
The ufetubus hits you but does no damage.
The ufetubus completely misses you.
The ufetubus hits you but does no damage.
The ufetubus barely misses you.
There is a stone staircase leading up here.
The ufetubus barely misses you. The ufetubus hits you.
* * * LOW HITPOINT WARNING * * *
The ufetubus hits you.
* * * LOW HITPOINT WARNING * * *
The ufetubus closely misses you.
Really walk into that dispersal trap?
You enter a dispersal trap!
The ufetubus blinks!
The adder blinks!
You blink.
The adder enters a dispersal trap!
The ufetubus blinks!
You blink.
The orc hits you but does no damage. Something hits you.
* * * LOW HITPOINT WARNING * * *
Unknown command.
The orc hits you but does no damage.
You hear some strange, mumbled words.
Something tries to affect you, but you resist.
You barely miss the orc. The orc hits you with a +0 dagger.
You die...

#...# #.............#####
###...###### #..####.......##...
...........####..####[......##.##
.........o.{.o.(.................
...........#####.####.....>.##.##
#†......#### #......#.......##.##
#.#...#.# #.#.o...............
#.#...#.# #<#.##.#######.##.##
#.#...#.# #.o@##.#######.##.##
#.......# #.§###.......#.##.##
####.#### #..§...#####.#.##.##
#.# ##.##...####.#.##.## #.#
#^##.#..)##.#...... ..#
#.....)#)........## ..
####........###### ##########


You could see an orc priest and an orc.

Vanquished Creatures
  A kobold brigand (Sewer)
  2 scorpions
  A vampire bat (D:3)
  An orc priest (D:3)
  2 hounds (D:4)
  Natasha (thrice) (D:2)
  An orc wizard (D:4)
  Robin (D:3)
  A gnoll (D:1)
  6 adders
  6 river rats (Sewer)
  4 worms
  3 dart slugs
  3 fire bats (D:3)
  7 orcs
  2 spectral bats (D:3)
  14 ball pythons
  3 bat skeletons (D:3)
  A bat zombie (D:3)
  6 endoplasms
  5 giant cockroaches
  11 goblins
  2 hobgoblins (D:3)
  A quokka (D:4)
  15 bats
  A bat simulacrum (D:3)
  7 frilled lizards
  18 kobolds
  22 rats
150 creatures vanquished.

Notes
Turn   | Place    | Note
-------+----------+-------------------------------------------
     0 | D:1      | liu the Demonspawn Gladiator began the quest for the Orb.
     0 | D:1      | Reached XP level 1. HP: 16/16 MP: 1/1
   253 | D:1      | Found a faded altar of an unknown god.
   501 | D:1      | Gained mutation: You regenerate a little health from kills.
                  | [demonic ancestry]
   501 | D:1      | Reached XP level 2. HP: 15/22 MP: 2/2
   642 | D:1      | Reached skill level 3 in Axes
   816 | D:1      | You fall into a shaft and drop 1 floor!
   869 | D:2      | HP: 1/22 [adder (1)]
   872 | D:2      | Gained mutation: You have large cloven feet. [demonic
                  | ancestry]
   872 | D:2      | Reached XP level 3. HP: 16/27 MP: 3/3
  1132 | D:2      | Noticed Natasha
  1136 | D:2      | Killed Natasha
  1137 | D:2      | Reached skill level 1 in Armour
  1151 | D:2      | Noticed Natasha
  1177 | D:2      | Reached XP level 4. HP: 26/34 MP: 4/4
  1177 | D:2      | Killed Natasha
  1182 | D:2      | Noticed Natasha
  1193 | D:2      | Killed Natasha
  1703 | D:2      | Reached skill level 4 in Axes
  1745 | D:3      | Noticed Robin
  1759 | D:3      | Reached XP level 5. HP: 36/39 MP: 5/5
  1772 | D:3      | Killed Robin
  2043 | D:3      | Reached XP level 6. HP: 22/47 MP: 6/6
  2243 | D:3      | Found a glowing drain.
  2257 | Sewer    | Entered a sewer
  2660 | Sewer    | Reached skill level 5 in Axes
  3592 | D:3      | Reached XP level 7. HP: 52/52 MP: 7/7
  3907 | D:3      | Found a snail-covered altar of Cheibriados.
  4000 | D:4      | Found a staircase to the Ecumenical Temple.
  4017 | Temple   | Entered the Ecumenical Temple
  4030 | Temple   | Became a worshipper of Warmaster Okawaru
  4255 | D:4      | Reached skill level 1 in Stealth
  4506 | D:4      | HP: 1/53 [something (4)]
  4508 | D:4      | Slain by an orc

Illustrated notes

Levels and vault maps discovered:
D:1:      minmay_arrival_arboretum_small, layout_basic,
          hellmonk_ecumenical_altar_blasted
D:2:      layout_rooms, minmay_lizard_pond, uniq_natasha
D:3:      layout_rooms, mainiacjoe_overflow_alcove_4, portal_sewer_entry_d,
          minmay_tree_intersection, goddamned_bats, uniq_robin
D:4:      layout_loops_cross, minmay_temple_entry_purple_smoke,
          gammafunk_ghost_abyssal_escape
Temple:   nicolae_temple_x_marks_the_god

Skill      XL: |  1  2  3  4  5  6  7 |
---------------+----------------------+-----
Axes           | 3 4 5 |  5.9
Throwing       | 2 |  2.0
Dodging        | 3 4 |  4.2
Armour         | 1 2 |  2.2
Fighting       | 3 |  3.8
Stealth        | 1 |  1.1

Action                   |  1- 3 |  4- 6 |  7- 9 || total
-------------------------+-------+-------+-------++-------
Melee: War axe           |    52 |   185 |    70 ||   307
       Kick              |     4 |    46 |    19 ||    69
  Use: Potion            |     2 |       |     2 ||     4
 Stab: Sleeping          |       |       |     1 ||     1
Armor: Leather armour    |    18 |   122 |    81 ||   221
Dodge: Dodged            |    49 |   192 |   173 ||   414
